 Dungeon Crawl Stone Soup version 0.27-a0-802-gbe893936b8 (webtiles) character file.

Game seed: 11965061677890775917

130 Bapho the Chopper (level 4, -9/39 HPs)
             Began as a Minotaur Monk on Mar 28, 2021.
             Mangled by a gnoll
             ... wielding a +0 halberd
              (12 damage)
             ... on level 2 of the Dungeon.
             The game lasted 00:02:50 (1739 turns).

Bapho the Chopper (Minotaur Monk)                   Turns: 1739, Time: 00:02:50

Health: -9/39      AC:  5    Str: 17    XL:     4   Next: 89%
Magic:  3/3        EV: 11    Int:  7    God:
Gold:   72         SH:  0    Dex: 12    Spells: 3/3 levels left

rFire    . . .     SeeInvis .   a - +0 hand axe
rCold    . . .     Faith    .   (no shield)
rNeg     . . .     Spirit   .   g - +0 ring mail
rPois    .         Reflect  .   (helmet restricted)
rElec    .         Harm     .   (no cloak)
rCorr    .         Rampage  .   (no gloves)
Will     .....                  (no boots)
Stlth    +.........             (no amulet)
HPRegen  0.13/turn              (no ring)
MPRegen  0.08/turn              (no ring)

@: no status effects
A: horns 2, retaliatory headbutt
a: no special abilities


You were on level 2 of the Dungeon.
You visited 1 branch of the dungeon, and saw 2 of its levels.

You collected 72 gold pieces.

Inventory:

Hand Weapons
 a - a +0 hand axe (weapon)
 b - a +0 hand crossbow
Missiles
 d - 9 bolts
 i - a stone
Armour
 g - a +0 ring mail (worn)
 h - a +0 robe
Scrolls
 c - a scroll of silence {unknown}
 e - a scroll of identify {unknown}
 f - a scroll of blinking {unknown}
 k - a scroll of acquirement {unknown}
Potions
 j - a potion of degeneration {unknown}


   Skills:
 - Level 3.6 Fighting
 * Level 6.8 Axes
 - Level 3.2 Dodging
 - Level 1.5 Stealth


You had 3 spell levels left.
You didn't know any spells.
Your spell library was empty.

Dungeon Overview and Level Annotations

Branches:
Dungeon (2/15)

Altars:


Innate Abilities, Weirdness & Mutations

You have a pair of horns on your head.
You reflexively headbutt those who attack you in melee.


Message History

The bolt hits the gnoll!
The gnoll is almost dead.
You shoot a bolt. The bolt barely misses the gnoll.
The gnoll hits you but does no damage.
You shoot a bolt. The bolt closely misses the gnoll.
A gnoll comes into view. It is wielding a +0 halberd.
The gnoll hits you from afar with a +0 spear!
You shoot a bolt. The gnoll shouts!
The bolt hits the gnoll.
You kill the gnoll!
The gnoll barely misses you.
An adder comes into view.
a - a +0 hand axe (weapon)
The adder hisses angrily.
The gnoll closely misses you.
You slash the gnoll!
The gnoll is severely wounded.
The gnoll hits you with a +0 halberd!
The gnoll hits you from afar with a +0 halberd.
You barely miss the gnoll.
The gnoll is severely wounded.
The gnoll barely misses you. x2
The gnoll closely misses you.
Things that are here:
a +0 club; a gnoll corpse The gnoll barely misses you. x2
Things that are here:
a +0 club; a gnoll corpse You hit the gnoll.
You kill the gnoll!
The gnoll hits you from afar with a +0 halberd!
* * * LOW HITPOINT WARNING * * *
The gnoll barely misses you.
Things that are here:
a +0 halberd; a gnoll corpse You slash the gnoll!
Your headbutt misses the gnoll.
The gnoll is heavily wounded.
The gnoll hits you with a +0 halberd!
You die...

#........
#........##
#........
#........#
#.....###
#........#
#.......
########........#
#....####
#..†.....########
######
#.######........#
#.# ########.#
#)# #.# #@# #.##
#g# #... #..)S#
#### #..#.#
#..#.# #( #.# #.
#.# # ###


You could see a gnoll and an adder.

Vanquished Creatures
  An orc wizard (D:2)
  3 gnolls (D:2)
  4 adders (D:2)
  3 orcs (D:2)
  2 bats (D:2)
  4 endoplasms
  3 giant cockroaches
  4 goblins
  4 hobgoblins (D:2)
  A quokka (D:1)
  A ball python (D:2)
  5 frilled lizards
  A kobold (D:1)
  3 rats
39 creatures vanquished.

Notes
Turn   | Place    | Note
-------+----------+-------------------------------------------
     0 | D:1      | Bapho the Minotaur Monk began the quest for the Orb.
     0 | D:1      | Reached XP level 1. HP: 19/19 MP: 0/0
   230 | D:1      | Reached skill level 4 in Axes
   429 | D:1      | Reached XP level 2. HP: 13/26 MP: 1/1
  1015 | D:2      | Reached skill level 5 in Axes
  1015 | D:2      | Reached XP level 3. HP: 31/31 MP: 2/2
  1364 | D:2      | Reached skill level 6 in Axes
  1364 | D:2      | Reached XP level 4. HP: 25/39 MP: 3/3
  1739 | D:2      | Mangled by a gnoll

Illustrated notes

Levels and vault maps discovered:
D:1:      dpeg_arrival_stonehenge_8_columns, layout_loops_ring,
          skrybe_limestone_x
D:2:      layout_basic

Skill      XL: |  1  2  3 |
---------------+----------+-----
Axes           | 4 5 6 |  6.8
Fighting       | |  3.6
Dodging        | |  3.2
Stealth        | |  1.5

Action                   |  1- 3 |  4- 6 || total
-------------------------+-------+-------++-------
Melee: Hand axe          |    33 |    16 ||    49
       Headbutt          |     5 |     1 ||     6
 Fire: Hand crossbow     |    14 |    19 ||    33
Throw: Stone             |    15 |       ||    15
 Stab: Sleeping          |     1 |       ||     1
Armor: Robe              |     3 |       ||     3
       Ring mail         |     5 |    12 ||    17
Dodge: Dodged            |    18 |    18 ||    36

Table legend: (Time is in decaauts)
 A = Elapsed time spent in this place.
 B = Non-inter-level travel time spent in this place.
 C = Inter-level travel time spent in this place.
 D = Time resting spent in this place.
 E = Time spent auto-exploring this place.
 F = Levels seen in this place.
 G = Mean time per level.
                   A        B        C        D        E       F      G
               +--------+--------+--------+--------+--------+-----+--------+
         Total |   1754 |   1613 |    141 |      0 |   1382 |   2 |  877.0 |
       Dungeon |   1754 |   1613 |    141 |      0 |   1382 |   2 |  877.0 |
               +--------+--------+--------+--------+--------+-----+--------+

Top non-repeatable levels by time:
     D:1: 911 daAuts
     D:2: 843 daAuts
